 Dungeon Sprint DCSS version 0.31-a0-728-g01b46875f1 (webtiles) character file.

Game seed: 12441734523652856699

20264 sircluck the Brawler (level 12, -2/145 HPs)
             Began as a Troll Berserker on Sept 11, 2023.
             Was the Champion of Trog.
             Slain by a vampire knight
             ... wielding a +0 great sword
              (21 damage)
             ... in the Dungeon (Sprint IX: "|||||||||||||||||||||||||||||").
             The game lasted 00:04:13 (1587 turns).

sircluck the Brawler (Troll Berserker)              Turns: 1587, Time: 00:04:14

Health: -2/145     AC: 16    Str: 32    XL:     12   Next: 43%
Magic:  11/11      EV: 16    Int:  3    God:    Trog [******]
Gold:   1282       SH:  0    Dex:  9    Spells: 11/11 levels left

rFire   x .          .
                       - Unarmed
rCold   + + .        (no shield)
rNeg    . . .        B - +1 ice dragon scales
rPois   .            w - +2 hat {Will+}
rElec   .            C - +1 cloak {Stlth+}
rCorr   .            (gloves unavailable)
SInv    .            (boots unavailable)
Will    +....        (no amulet) Stlth
                     j - +2 ring of evasion
HPRegen 1.24/turn    k - +2 ring of evasion
MPRegen 0.12/turn

%: no teleportation
@: no status effects
A: large, unfitting armour, claws 3, regeneration 1, shaggy fur 1, tough skin 1
a: Renounce Religion, Berserk, Trog's Hand, Brothers in Arms


You were in the Dungeon.
You worshipped Trog.
Trog was exalted by your worship.
You visited 1 branch You collected 1282 gold pieces.

Inventory:

Missiles
 l - 9 large rocks
Armour
 a - a +0 animal skin
 v - a +0 cloak
 w - a +2 hat of willpower (worn)
 B - +1 ice dragon scales (worn)
 C - a +1 cloak of stealth (worn)
 D - +1 fire dragon scales
Jewellery
 j - a +2 ring of evasion (left claw)
 k - a +2 ring of evasion (right claw)
 x - a ring of protection from fire
 y - a +5 ring of evasion
 z - a ring of ice
 A - a ring of poison resistance
Wands
 i - a wand of roots (10)
 p - a wand of charming (7)
 u - a wand of flame (10)
Scrolls
 g - 3 scrolls of blinking
 o - a scroll of brand weapon
 q - 3 scrolls of identify
 r - 5 scrolls of fear
 s - a scroll of fog
 t - a scroll of enchant armour
Potions
 b - 7 potions of curing
 c - a potion of heal wounds
 d - a potion of haste
 e - 4 potions of magic
 f - a potion of berserk rage
 h - a potion of invisibility
 m - 2 potions of mutation
 n - 3 potions of might


   Skills:
 + Level 16.3 Fighting
 + Level 16.1 Dodging
 + Level 18.9 Unarmed Combat


You had 11 spell levels left.
You didn't know any spells.
Your spell library was empty.

Dungeon Overview and Level Annotations

Branches:
Dungeon (1/1)

Altars:
Cheibriados
Dithmenos
Elyvilon
Fedhas
Gozag
Hepliaklqana
Kikubaaqudgha
Makhleb
Nemelex Xobeh
Okawaru
Qazlal
Ru
Sif Muna
Trog
Uskayaw
Vehumet
Wu Jian
Xom
Yredelemnul
Zin
The Shining One
Jiyva
Lugonu

Shops:
D [***


Innate Abilities, Weirdness & Mutations

You are too large for most types of armour.
You have claws for hands.
Your natural rate of healing is unusually fast.
You are covered in fur. (AC +1)
You have tough skin. (AC +1)


Message History

You claw the deep elf pyromancer!
The deep elf pyromancer is moderately wounded.
The deep elf pyromancer hits you but does no damage.
The stone giant throws a large rock.
The large rock misses you.
The large rock hits the deep elf pyromancer!!
You claw the deep elf pyromancer! You claw the deep elf pyromancer.
You kill the deep elf pyromancer!
Trog accepts your kill.
Trog appreciates your killing of a magic user.
The fire elemental disappears in a puff of smoke!
The stone giant throws a large rock.
The large rock completely misses you.
You hear some strange, mumbled words.
Your Dodging skill increases to level 16!
The stone giant hits you!
Items here: ( ) †††††.
You scratch the stone giant but do no damage.
You mangle the stone giant!!
The stone giant is moderately wounded.
The stone giant hits you!!!
You scratch the stone giant.
The stone giant is moderately wounded.
The stone giant hits you!
* * * LOW HITPOINT WARNING * * *
You eviscerate the stone giant!!! You claw the stone giant!
You kill the stone giant!
Trog accepts your kill. Trog grants you a weapon!
Something appears at your feet!
You see here the +6 spear "Giant's Toothpick" {heavy, rC+ Will- SInv Stlth+}.
You are no longer corroded.
Unknown command.
You scratch something but do no damage. Something hits you!
* * * LOW HITPOINT WARNING * * *
Something bites you.
* * * LOW HITPOINT WARNING * * *
Something draws strength from your injuries!
You feel much better. Something hits you!!
* * * LOW HITPOINT WARNING * * *
Something bites you but does no damage. Something hits you!!
You die...

▓)▓.▓.▓.▓)▓.▓
▓.▓.▓.▓.▓∩▓.▓.▓
▓.▓.▓.▓.▓.▓.▓.▓
▓[▓.▓†▓.▓∩▓.▓.▓
▓[▓.▓.▓.▓.▓.▓.▓
▓[▓.▓.▓.▓∩▓.▓.▓
▓.▓.▓.▓.▓.▓.▓.▓
▓)▓.▓.▓.▓.▓.▓(▓
▓?▓.▓†▓.▓.▓.▓@▓
▓.▓.▓†▓.▓.▓.▓)▓
▓'▓.▓)▓.▓)▓.▓)▓
▓_▓.▓.▓.▓)▓.▓.▓
▓_▓.▓.▓.▓)▓.▓.▓
▓_▓.▓.▓.▓.▓.▓.▓
▓_▓.▓.▓.▓.▓.▓.▓
▓_▓.▓.▓.▓.▓.▓!▓
▓_▓.▓.▓)▓)▓.▓.▓


There were no monsters in sight!

Vanquished Creatures
  Gastronok (D)
  2 stone giants (D)
  Josephine (D)
  An ettin (D)
  A centaur warrior (D)
  3 hydras (D)
  3 orc knights (D)
  A lindwurm (D)
  A deep elf pyromancer (D)
  An ugly thing (D)
  A manticore (D)
  4 cyclopes (D)
  A slime creature (D)
  A gargoyle (D)
  4 cane toads (D)
  2 komodo dragons (D)
  5 polar bears (D)
  A dream sheep (D)
  A shadow (D)
  5 wraiths (D)
  3 yaks (D)
  A basilisk (D)
  Grum (D)
  A vampire mosquito (D)
  3 water moccasins (D)
  19 orc warriors (D)
  3 black bears (D)
  5 wolves (D)
  A centaur (D)
  A kobold brigand (D)
  A bullfrog (D)
  A killer bee (D)
  3 orc priests (D)
  3 orc wizards (D)
  2 adders (D)
  7 orcs (D)
  A bat (D)
  2 hobgoblins (D)
  A quokka (D)
  2 kobolds (D)
101 creatures vanquished.

Vanquished Creatures (collateral kills)
  3 orc knights (D)
  2 orc warriors (D)
5 creatures vanquished.

Vanquished Creatures (others)
  An orc wizard (D)
1 creature vanquished.

Grand Total: 107 creatures vanquished

Notes
Turn   | Place    | Note
-------+----------+-------------------------------------------
     0 | D        | sircluck the Troll Berserker began the quest for the Orb.
     0 | D        | Reached XP level 1. HP: 22/22 MP: 0/0
     7 | D        | Reached ** piety under Trog
    16 | D        | Noticed an orc wizard
    18 | D        | Reached XP level 2. HP: 19/31 MP: 1/1
    20 | D        | Reached *** piety under Trog
    21 | D        | Reached skill level 4 in Unarmed Combat
    21 | D        | Reached XP level 3. HP: 19/39 MP: 2/2
    38 | D        | Reached **** piety under Trog
    39 | D        | Reached skill level 5 in Unarmed Combat
    44 | D        | Found a snail-covered altar of Cheibriados.
    44 | D        | Found a shadowy altar of Dithmenos.
    44 | D        | Found a white marble altar of Elyvilon.
    44 | D        | Found a blossoming altar of Fedhas.
    44 | D        | Found an opulent altar of Gozag.
    45 | D        | Found a hazy altar of Hepliaklqana.
    46 | D        | Found a viscous altar of Jiyva.
    47 | D        | Found an ancient bone altar of Kikubaaqudgha.
    48 | D        | Found a corrupted altar of Lugonu.
    49 | D        | Found a burning altar of Makhleb.
    50 | D        | Found a sparkling altar of Nemelex Xobeh.
    51 | D        | Found an iron altar of Okawaru.
    52 | D        | Found a stormy altar of Qazlal.
    53 | D        | Found a sacrificial altar of Ru.
    54 | D        | Found a shimmering blue altar of Sif Muna.
    55 | D        | Found a bloodstained altar of Trog.
    56 | D        | Found a hide-covered altar of Uskayaw.
    57 | D        | Found a radiant altar of Vehumet.
    58 | D        | Found an ornate altar of the Wu Jian Council.
    59 | D        | Found a shimmering altar of Xom.
    60 | D        | Found a basalt altar of Yredelemnul.
    61 | D        | Found a glowing silver altar of Zin.
    62 | D        | Found a glowing golden altar of the Shining One.
    90 | D        | Noticed a centaur
    90 | D        | Noticed a shadow
    90 | D        | Noticed a killer bee
    90 | D        | Noticed an orc warrior
    90 | D        | Noticed a kobold brigand
    97 | D        | Killed a kobold brigand
    98 | D        | Reached skill level 5 in Fighting
    98 | D        | Reached skill level 5 in Dodging
    98 | D        | Reached skill level 6 in Unarmed Combat
    98 | D        | Reached XP level 4. HP: 40/50 MP: 3/3
   105 | D        | Killed an orc warrior
   106 | D        | Reached skill level 7 in Unarmed Combat
   106 | D        | Reached XP level 5. HP: 55/59 MP: 4/4
   108 | D        | Killed a shadow
   109 | D        | Reached skill level 8 in Unarmed Combat
   109 | D        | Reached XP level 6. HP: 53/71 MP: 5/5
   117 | D        | Reached ***** piety under Trog
   118 | D        | Reached skill level 9 in Unarmed Combat
   152 | D        | Noticed a gargoyle
   152 | D        | Noticed a slime creature
   152 | D        | Noticed a slime creature
   152 | D        | Noticed a vampire mosquito
   152 | D        | Noticed a cyclops
   152 | D        | Noticed a cyclops
   158 | D        | Killed a cyclops
   159 | D        | Reached skill level 10 in Unarmed Combat
   159 | D        | Reached XP level 7. HP: 81/81 MP: 6/6
   162 | D        | Killed a cyclops
   163 | D        | Reached skill level 11 in Unarmed Combat
   163 | D        | Reached XP level 8. HP: 92/92 MP: 7/7
   168 | D        | Killed a large slime creature
   171 | D        | Reached skill level 10 in Fighting
   174 | D        | Killed a gargoyle
   175 | D        | Reached skill level 10 in Dodging
   175 | D        | Reached skill level 12 in Unarmed Combat
   175 | D        | Reached XP level 9. HP: 60/102 MP: 8/8
   328 | D        | Noticed a cane toad
   328 | D        | Noticed a cane toad
   332 | D        | Received a gift from Trog
   335 | D        | Killed a cane toad
   340 | D        | Killed a cane toad
   341 | D        | Reached skill level 13 in Unarmed Combat
   348 | D        | Received a gift from Trog
   354 | D        | Reached ****** piety under Trog
   387 | D        | Noticed a cane toad
   387 | D        | Noticed a komodo dragon
   387 | D        | Noticed a cane toad
   387 | D        | Noticed a seven-headed hydra
   391 | D        | Noticed a lindwurm
   395 | D        | Killed an 11-headed hydra
   396 | D        | Reached XP level 10. HP: 15/115 MP: 9/9
   575 | D        | Noticed a five-headed hydra
   579 | D        | Reached skill level 14 in Unarmed Combat
   584 | D        | Killed a ten-headed hydra
   584 | D        | Received a gift from Trog
   590 | D        | Killed a cane toad
   671 | D        | Killed a cane toad
   677 | D        | Killed a lindwurm
   678 | D        | Reached skill level 15 in Unarmed Combat
   713 | D        | Received a gift from Trog
   797 | D        | Noticed Josephine
   804 | D        | Reached XP level 11. HP: 127/127 MP: 10/10
   813 | D        | Killed Josephine
   816 | D        | Received a gift from Trog
   817 | D        | Reached skill level 16 in Unarmed Combat
   850 | D        | Noticed Grum
   861 | D        | Killed Grum
   861 | D        | Received a gift from Trog
   902 | D        | Noticed an ettin
   912 | D        | Killed an ettin
   915 | D        | Identified the +1 great mace of Dehurane {antimagic,
                  | Fragile rPois rF++} (Trog gifted it to you in the Dungeon)
   915 | D        | Received a gift from Trog
   930 | D        | Identified the +9 war axe "Killer Klown's Curse"
                  | {antimagic, Dex+3} (Trog gifted it to you in the Dungeon)
   930 | D        | Received a gift from Trog
  1111 | D        | Received a gift from Trog
  1183 | D        | Found Qoso's General Store.
  1183 | D        | Noticed an orc knight
  1183 | D        | Noticed an orc knight
  1187 | D        | Noticed an orc knight
  1192 | D        | Killed an orc knight
  1193 | D        | Reached skill level 17 in Unarmed Combat
  1194 | D        | Killed an orc knight
  1198 | D        | Killed an orc knight
  1203 | D        | Noticed an orc knight
  1206 | D        | Received a gift from Trog
  1216 | D        | Killed an orc knight
  1217 | D        | Reached skill level 15 in Fighting
  1217 | D        | Found Xiriusec's Assorted Antiques.
  1221 | D        | Found Tinat's Assorted Antiques.
  1225 | D        | Found Qekhleuni's Antique Armour Shop.
  1228 | D        | Noticed an orc knight
  1230 | D        | Noticed an orc knight
  1234 | D        | Killed an orc knight
  1237 | D        | Reached skill level 15 in Dodging
  1249 | D        | Killed an orc knight
  1257 | D        | Received a gift from Trog
  1350 | D        | Noticed Gastronok
  1361 | D        | Killed Gastronok
  1362 | D        | Reached skill level 18 in Unarmed Combat
  1362 | D        | Reached XP level 12. HP: 50/143 MP: 11/11
  1479 | D        | Found the +7 lajatang of Order {silver, rMut}
  1538 | D        | Noticed a six-headed hydra
  1538 | D        | Noticed a centaur warrior
  1547 | D        | Killed a centaur warrior
  1553 | D        | Noticed a stone giant
  1554 | D        | Killed a nine-headed hydra
  1557 | D        | Noticed a stone giant
  1559 | D        | Received a gift from Trog
  1568 | D        | Noticed a vampire knight
  1578 | D        | Killed a stone giant
  1585 | D        | Killed a stone giant
  1585 | D        | Identified the +6 spear "Giant's Toothpick" {heavy, rC+
                  | Will- SInv Stlth+} (Trog gifted it to you in the Dungeon)
  1585 | D        | Received a gift from Trog
  1587 | D        | Slain by a vampire knight

Illustrated notes

Levels and vault maps discovered:
D:        linesprint [early_d, line_temple, items_1, d_10, items_2, lair_1,
          lair_end, items_3, orc_1, orc_end, items_4, d_15, swamp_1, shoals_1,
          snake_1, spider_1, d_20, vaults_1, items_5, swamp_end, shoals_end,
          snake_end, spider_end, vaults_end, d_27, items_6, zot_1, zot_end,
          crypt_end, forest_end, elf_end, slime_end, tomb_end, abyss_end,
          pan_hell_end]

Skill      XL: |  1  2  3  4  5  6  7  8  9 10 11 12 |
---------------+-------------------------------------+-----
Fighting       | 3 5 6 7 8 9 10 11 13 15 16 | 16.3
Dodging        | 3 5 6 7 8 9 10 11 13 15 16 | 16.1
Unarmed Combat | 4 6 7 8 10 11 12 13 15 18 | 18.9

Action                     |  1- 3 |  4- 6 |  7- 9 | 10-12 || total
---------------------------+-------+-------+-------+-------++-------
  Melee: Unarmed           |    34 |    22 |    52 |   247 ||   355
         Punch             |       |       |     1 |    24 ||    25
 Invoke: Berserk           |       |     2 |     1 |     1 ||     4
         Brothers in Arms  |       |       |       |     1 ||     1
    Use: Potion            |       |       |       |     2 ||     2
         Scroll            |       |       |       |     1 ||     1
 Armour: Animal skin       |    18 |    14 |    27 |    67 ||   126
         Ice dragon scales |       |       |       |    30 ||    30
  Dodge: Dodged            |     9 |     8 |    31 |   130 ||   178

Table legend: (Time is in decaauts)
 A = Elapsed time spent in this place.
 B = Non-inter-level travel time spent in this place.
 C = Inter-level travel time spent in this place.
 D = Time resting spent in this place.
 E = Time spent auto-exploring this place.
 F = Levels seen in this place.
 G = Mean time per level.
                   A        B        C        D        E       F      G
               +--------+--------+--------+--------+--------+-----+--------+
         Total |   1562 |   1562 |      0 |    580 |    356 |   1 | 1562.0 |
       Dungeon |   1562 |   1562 |      0 |    580 |    356 |   1 | 1562.0 |
               +--------+--------+--------+--------+--------+-----+--------+

Top non-repeatable levels by time:
       D: 1562 daAuts
